 Dungeon Crawl Stone Soup version 0.18.1-6-gd335043 (webtiles) character file.

189 m0ast the Ruffian (level 5, 0/46 HPs)
             Began as a Ghoul Monk on May 20, 2016.
             Slain by an ice beast (7 damage)
             ... on level 3 of the Dungeon.
             The game lasted 00:11:13 (2493 turns).

m0ast the Ruffian (Ghoul Monk)                      Turns: 2493, Time: 00:11:13

Health: 0/46       AC:  2    Str: 15    XL:     5   Next: 68%
Magic:  4/4        EV: 13    Int:  5    God:
Gold:   66         SH:  0    Dex: 12    Spells: 0 memorised, 4 levels left

rFire  . . .     SeeInvis .       - Unarmed
rCold  + . .     Gourm    .     a - +0 robe
rNeg   + + +     Faith    .     (no shield)
rPois  ∞         Spirit   .     (no helmet)
rElec  .         Dismiss  .     (no cloak)
rCorr  .         Reflect  .     (no gloves)
SustAt .         Harm     .     (no boots)
MR     .....                    (no amulet)
Stlth  ++........               (no ring)
                                (no ring)

@: rotting, not resistant to hostile enchantments, unstealthy
A: rotting body, claws 1, carnivore 3, cold resistance 1, negative energy
resistance 3, slow regeneration 1, torment resistance, unbreathing
a: no special abilities


You were on level 3 of the Dungeon.
You were not hungry.

You visited 1 branch of the dungeon, and saw 3 of its levels.

You collected 66 gold pieces.

Inventory:

Hand Weapons
 t - a +9 club
Armour
 a - a +0 robe (worn)
 j - a +0 shield
 u - a +0 animal skin
 v - a +0 helmet
Jewellery
 k - an uncursed ring of wizardry {unknown}
 w - an uncursed ring of positive energy {unknown}
Scrolls
 e - a scroll of remove curse
 g - a scroll of random uselessness {unknown}
 l - a scroll of noise {unknown}
 m - 2 scrolls of fog
 p - a scroll of amnesia {unknown}
 q - 2 scrolls of immolation
 x - a scroll of enchant armour {unknown}
Potions
 c - 3 potions of curing {unknown}
 d - a potion of heal wounds {unknown}
 h - a potion of cancellation {unknown}
 o - 2 potions of lignification {unknown}
 r - a potion of degeneration {unknown}
 s - a potion of berserk rage {unknown}
 z - a potion of haste {unknown}
Comestibles
 b - 4 meat rations
 f - 2 chunks of flesh
 i - 2 bread rations
 n - a beef jerky


   Skills:
 + Level 3.9 Fighting
 * Level 4.1 Dodging
 + Level 3.3 Stealth
 * Level 5.4 Unarmed Combat


You had 4 spell levels left.
You didn't know any spells.

Dungeon Overview and Level Annotations

Branches:
Dungeon (3/15)

Altars:
Ashenzari
Pakellas
Zin

Shops:
D:2 *


Innate Abilities, Weirdness & Mutations

Your body is rotting away.
You thrive on raw meat.
You are immune to poison.
You have sharp fingernails.
You are carnivorous and can eat meat at any time.
Your flesh is cold resistant.
You are immune to negative energy.
You regenerate slowly when monsters are visible.
You are immune to unholy pain and torment.
You can survive without breathing.


Message History

The ice beast is moderately wounded.
The ice beast hits you.
* * * LOW HITPOINT WARNING * * *
The ice beast freezes you. You resist.
* * * LOW HITPOINT WARNING * * *
The adder barely misses you.
As you read the scroll labeled ZAPLEH SEIRGH, it crumbles to dust.
The scroll dissolves into smoke.
It was a scroll of fog.
The ice beast closely misses you. The adder completely misses you.
The adder bites you but does no damage.
There is a stone staircase leading down here.
As you read the scroll labeled URUOTT HOREGE, it crumbles to dust.
The creatures around you are filled with an inner flame!
It was a scroll of immolation.
The ice beast closely misses you.
As you read the scroll labeled ZYNE LIREYCER, it crumbles to dust.
You feel blessed for a moment.
It was a scroll of remove curse.
The ice beast hits you.
* * * LOW HITPOINT WARNING * * *
The ice beast freezes you! You resist.
You die...

#...)...# #.......#
#.......# #.......#
###.......##############
#.........(.....)))...).
#.........##############
#....SY...##############
#.§...#@...÷............
#.§§§.#.################
#.§§§##.......#
###§§.........#
#######§§.........#
#.................#
#...........#######
###......#....#
#........######


You could see an ice beast (inner flame) and an adder (inner flame).

Vanquished Creatures
  A giant frog (D:3)
  Robin (D:3)
  2 adders (D:2)
  An ooze (D:3)
  2 worms
  3 dart slugs (D:2)
  A ball python (D:1)
  7 bats
  5 giant cockroaches
  18 goblins
  10 hobgoblins
  2 jackals (D:3)
  10 kobolds
  2 giant newts (D:2)
  8 rats
73 creatures vanquished.

Notes
Turn   | Place    | Note
--------------------------------------------------------------
     0 | D:1      | m0ast the Ghoul Monk began the quest for the Orb.
     0 | D:1      | Reached XP level 1. HP: 19/19 MP: 0/0
   117 | D:1      | Reached XP level 2. HP: 23/26 MP: 1/1
   430 | D:1      | Reached XP level 3. HP: 31/31 MP: 2/2
   832 | D:2      | Found a shattered altar of Ashenzari.
  1084 | D:2      | Reached XP level 4. HP: 31/39 MP: 3/3
  1096 | D:2      | Reached skill level 5 in Unarmed Combat
  1381 | D:2      | Found Zin's Purification Station.
  1391 | D:2      | Found a glowing silver altar of Zin.
  1929 | D:3      | Found an oddly glowing altar of Pakellas.
  1969 | D:3      | Noticed Robin
  1994 | D:3      | Killed Robin
  2274 | D:3      | Reached XP level 5. HP: 46/46 MP: 4/4
  2458 | D:3      | Noticed an ice beast
  2493 | D:3      | Slain by an ice beast

Skill      XL: |  1  2  3  4  5 |
---------------+----------------+-----
Dodging        | 3 4 |  4.1
Unarmed Combat | 5 |  5.4
Stealth        | 3 |  3.3
Fighting       | |  3.9

Action                   |  1- 3 |  4- 6 || total
-------------------------+-------+-------++-------
Melee: Unarmed           |    92 |   113 ||   205
       Punch             |       |     2 ||     2
  Use: Scroll            |       |     3 ||     3
 Stab: Sleeping          |     2 |     1 ||     3
  Eat: Chunk             |    24 |    21 ||    45
Armor: Robe              |    21 |    17 ||    38
Dodge: Dodged            |    83 |    81 ||   164
